 Dungeon Crawl Stone Soup version 0.31-a0-986-g5e6e4ef867 (webtiles) character file.

Game seed: 11428175679162711051

48 CowFu the Chopper (level 3, 0/31 HPs)
             Began as a Minotaur Monk on Nov 22, 2023.
             Slain by an ogre
             ... wielding a +0 giant spiked club
              (27 damage)
             ... on level 3 of the Dungeon.
             The game lasted 00:00:58 (1299 turns).

CowFu the Chopper (Minotaur Monk)                   Turns: 1299, Time: 00:00:59

Health: 0/31       AC:  2    Str: 17    XL:     3   Next: 50%
Magic:  2/2        EV: 12    Int:  7    God:
Gold:   59         SH:  0    Dex: 12    Spells: 2/2 levels left

rFire   . . .        a - +0 hand axe
rCold   . . .        d - orb {light}
rNeg    . . .        b - +0 robe
rPois   .            (helmet restricted)
rElec   .            (no cloak)
rCorr   .            (no gloves)
SInv    .            (no boots)
Will    .....        (no amulet)
Stlth   +            (no ring)
HPRegen 0.25/turn    (no ring)
MPRegen 0.08/turn

%: no passive effects
@: glowing
A: horns 2, retaliatory headbutt
a: no special abilities


You were on level 3 of the Dungeon.
You visited 1 branch of the dungeon, and saw 3 of its levels.

You collected 59 gold pieces.

Inventory:

Hand Weapons
 a - a +0 hand axe (weapon)
Missiles
 f - 6 datura-tipped darts
Armour
 b - a +0 robe (worn)
 d - an orb of light (worn)
 p - a +0 buckler
Jewellery
 i - a ring of protection from cold
 l - an amulet of the acrobat
Scrolls
 e - a scroll of silence {unknown}
 g - 2 scrolls of enchant armour {unknown}
 k - 2 scrolls of brand weapon {unknown}
 m - a scroll of noise {unknown}
 n - a scroll of blinking {unknown}
 o - a scroll of identify {unknown}
 q - a scroll of enchant weapon {unknown}
 r - a scroll of amnesia {unknown}
Potions
 c - a potion of ambrosia
 h - 4 potions of haste {unknown}
 j - 2 potions of attraction {unknown}


   Skills:
 - Level 3.6 Fighting
 + Level 5.5 Axes
 - Level 3.2 Dodging


You had 2 spell levels left.
You didn't know any spells.
Your spell library contained the following spells:

 Spells                   Type           Power      Damage    Failure   Level
 Magic Dart               Conj           0%         1d3       43%         1
 Searing Ray              Conj           0%         2d4       56%         2
 Fulminant Prism          Conj/Hex       0%         3d5       99%         4


Dungeon Overview and Level Annotations

Branches:
Dungeon (3/15)

Altars:


Innate Abilities, Weirdness & Mutations

You have a pair of horns on your head.
You reflexively headbutt those who attack you in melee.


Message History

A rat is nearby!
A rat is nearby!
A rat is nearby!
You barely miss the rat. You headbutt the rat.
You kill the rat!
An ogre comes into view. It is wielding a +0 giant spiked club.
Found 7 gold pieces.
The ogre shouts!
A bat comes into view.
A quokka comes into view.
There are monsters nearby!
The bat barely misses you.
There are monsters nearby!
The ogre closely misses you. The bat hits you but does no damage.
There are monsters nearby!
You hit the ogre.
The ogre is lightly wounded.
You hit the bat but do no damage. You hit the quokka but do no damage.
The bat barely misses you. The quokka closely misses you.
The ogre closely misses you. You furiously retaliate!
You headbutt the ogre. You hit the ogre.
The ogre is heavily wounded.
You hit the quokka but do no damage. The quokka completely misses you.
The bat hits you but does no damage.
You hit the ogre.
The ogre is heavily wounded.
You hit the bat. You hit the quokka. The bat closely misses you.
The quokka bites you. The ogre closely misses you.
The quokka twitches its whiskers.
The quokka bites you.
You hit the ogre but do no damage.
You headbutt the ogre, but do no damage.
The ogre is heavily wounded.
You hit the quokka. The bat hits you but does no damage.
The quokka closely misses you. You furiously retaliate!
You headbutt the quokka!
You kill the quokka!
The ogre hits you with a +0 giant spiked club!!
Ouch! That really hurt!
You die...

. .. ######.#. #.......#
#..$.....
################.†......
................@O......
########).....##........
#......##.b......
#......##........
#......##........
#......##........
#......##........
.......#########.


You could see an ogre and a bat.

Vanquished Creatures
  An adder (D:2)
  2 worms
  7 ball pythons
  5 endoplasms
  4 giant cockroaches
  2 goblins
  2 hobgoblins
  2 quokkas
  2 bats
  3 frilled lizards (D:1)
  2 kobolds
  2 rats
34 creatures vanquished.

Notes
Turn   | Place    | Note
-------+----------+-------------------------------------------
     0 | D:1      | CowFu the Minotaur Monk began the quest for the Orb.
     0 | D:1      | Reached XP level 1. HP: 19/19 MP: 0/0
    64 | D:1      | Reached skill level 4 in Axes
    89 | D:1      | Reached XP level 2. HP: 18/26 MP: 1/1
    90 | D:1      | Found a faded altar of an unknown god.
   440 | D:2      | Reached skill level 5 in Axes
   603 | D:2      | Reached XP level 3. HP: 30/31 MP: 2/2
  1292 | D:3      | Noticed an ogre
  1299 | D:3      | Slain by an ogre

Illustrated notes

Levels and vault maps discovered:
D:1:      dpeg_arrival_shelter, layout_rooms,
          chequers_ecumenical_altar_simple_redux
D:2:      layout_basic
D:3:      layout_basic

Skill      XL: |  1  2 |
---------------+-------+-----
Axes           | 4 5 |  5.5
Fighting       | |  3.6
Dodging        | |  3.2

Action                     || total
---------------------------++-------
  Melee: Hand axe          ||    67
         Headbutt          ||     9
 Armour: Robe              ||    35
  Dodge: Dodged            ||    54

Table legend: (Time is in decaauts)
 A = Elapsed time spent in this place.
 B = Non-inter-level travel time spent in this place.
 C = Inter-level travel time spent in this place.
 D = Time resting spent in this place.
 E = Time spent auto-exploring this place.
 F = Levels seen in this place.
 G = Mean time per level.
                   A        B        C        D        E       F      G
               +--------+--------+--------+--------+--------+-----+--------+
         Total |   1302 |   1246 |     56 |      0 |   1054 |   3 |  434.0 |
       Dungeon |   1302 |   1246 |     56 |      0 |   1054 |   3 |  434.0 |
               +--------+--------+--------+--------+--------+-----+--------+

Top non-repeatable levels by time:
     D:2: 729 daAuts
     D:1: 433 daAuts
     D:3: 139 daAuts
